 Dungeon Crawl Stone Soup version 0.30-b1-2-g02819fbbbe (webtiles) character file.

Game seed: 13460675537817472602

56 Metae the Shield-Bearer (level 3, 0/33 HPs)
             Began as a Minotaur Fighter on July 6, 2023.
             Slain by a gnoll
             ... wielding a +0 whip
              (1 damage)
             ... on level 2 of the Dungeon.
             The game lasted 00:02:17 (817 turns).

Metae the Shield-Bearer (Minotaur Fighter)           Turns: 817, Time: 00:02:18

Health: 0/33       AC:  7    Str: 22    XL:     3   Next: 71%
Magic:  2/2        EV:  9    Int:  5    God:
Gold:   45         SH:  4    Dex:  9    Spells: 2/2 levels left

rFire   . . .        a - +0 war axe
rCold   . . .        c - +0 buckler
rNeg    . . .        b - +0 scale mail
rPois   .            (helmet restricted)
rElec   .            (no cloak)
rCorr   .            (no gloves)
SInv    .            (no boots)
Will    .....        (no amulet) Stlth
                     (no ring)
HPRegen 0.25/turn    (no ring)
MPRegen 0.08/turn

%: no passive effects
@: no status effects
A: horns 2, retaliatory headbutt
a: no special abilities


You were on level 2 of the Dungeon.
You visited 1 branch of the dungeon, and saw 2 of its levels.

You collected 45 gold pieces.

Inventory:

Hand Weapons
 a - a +0 war axe (weapon)
 k - a +0 sling
Missiles
 f - 20 stones (quivered)
Armour
 b - a +0 scale mail (worn)
 c - a +0 buckler (worn)
Jewellery
 n - a +4 ring of protection
Scrolls
 g - a scroll of blinking {unknown}
 h - 5 scrolls of identify {unknown}
 j - 2 scrolls of vulnerability {unknown}
 m - a scroll of fog {unknown}
 q - a scroll of noise {unknown}
Potions
 d - a potion of might
 e - a potion of invisibility {unknown}
 i - a potion of curing {unknown}
 l - a potion of lignification {unknown}
 o - a potion of cancellation {unknown}
 p - a potion of attraction {unknown}
 r - a potion of berserk rage {unknown}


   Skills:
 + Level 4.1 Fighting
 + Level 3.1 Axes
 + Level 4.1 Armour
 + Level 1.3 Dodging
 + Level 4.1 Shields


You had 2 spell levels left.
You didn't know any spells.
Your spell library contained the following spells:

 Spells                   Type           Power      Damage    Failure   Level
 Magic Dart               Conj           0%         1d3       86%         1
 Call Imp                 Summ           0%         N/A       94%         2
 Mephitic Cloud           Conj/Pois/Air  0%         N/A       99%         3


Dungeon Overview and Level Annotations

Branches:
Dungeon (2/15)

Altars:


Innate Abilities, Weirdness & Mutations

You have a pair of horns on your head.
You reflexively headbutt those who attack you in melee.


Message History

The gnoll hits you from afar with a +0 spear.
The gnoll misses you. The gnoll hits you with a +0 club.
The gnoll hits you from afar with a +0 spear.
You barely miss the gnoll. The gnoll hits you with a +0 club.
The gnoll hits you from afar with a +0 spear!
* * * LOW HITPOINT WARNING * * *
You closely miss the gnoll. The gnoll barely misses you.
You hit the gnoll.
The gnoll is moderately wounded.
The gnoll hits you with a +0 club.
* * * LOW HITPOINT WARNING * * *
You block the gnoll's attack.
You hit the gnoll. Your headbutt misses the gnoll.
The gnoll is severely wounded.
You block the gnoll's attack.
You slash the gnoll!
You kill the gnoll!
Your Axes skill increases to level 3!
You slash the jackal!
You kill the jackal!
You block the gnoll's attack. The gnoll hits you but does no damage.
The giant cockroach waves its antennae.
The gnoll hits you with a +0 spear.
* * * LOW HITPOINT WARNING * * *
There is a stone staircase leading down here.
Things that are here:
a +0 club; a gnoll corpse You slash the gnoll!
Your headbutt misses the gnoll.
The gnoll is severely wounded.
The gnoll hits you with a +0 spear.
* * * LOW HITPOINT WARNING * * *
You slash the gnoll!
You kill the gnoll!
The gnoll hits you with a +0 whip.
* * * LOW HITPOINT WARNING * * *
You closely miss the gnoll. The gnoll hits you but does no damage.
You hit the gnoll.
The gnoll is moderately wounded.
The gnoll hits you with a +0 whip.
You die...

#..(........##
#.#####....## .
###..#..# ..
#...##..##..#
############..........
#
..<...................
##....#####..###..#####
####.####...# #.##
#........###@#
#.........##g#
#...####..#...B# ..###
#.#####.# . #.# #..#
#.# #.=.. #.# ....h.
..# ###...h. ... ...g.


You could see a gnoll and a giant cockroach.

Vanquished Creatures
  3 gnolls (D:2)
  2 dart slugs
  2 bats (D:1)
  An endoplasm (D:2)
  A goblin (D:1)
  3 hobgoblins (D:1)
  3 jackals (D:2)
  3 frilled lizards
  5 kobolds
  3 rats (D:1)
26 creatures vanquished.

Vanquished Creatures (others)
  4 withered plants (D:1)
4 creatures vanquished.

Grand Total: 30 creatures vanquished

Notes
Turn   | Place    | Note
-------+----------+-------------------------------------------
     0 | D:1      | Metae the Minotaur Fighter began the quest for the Orb.
     0 | D:1      | Reached XP level 1. HP: 19/19 MP: 0/0
   164 | D:1      | Reached XP level 2. HP: 27/27 MP: 1/1
   754 | D:2      | Reached skill level 1 in Dodging
   799 | D:2      | Reached XP level 3. HP: 33/33 MP: 2/2
   815 | D:2      | HP: 1/33 [gnoll/+0 whip (2)]
   817 | D:2      | Slain by a gnoll

Illustrated notes

Levels and vault maps discovered:
D:1:      spicycebolla_arrival_clurvy, layout_loops_cross
D:2:      layout_rooms, uniq_terence

Skill      XL: |  1  2  3 |
---------------+----------+-----
Dodging        | 1 |  1.3
Fighting       | 4 |  4.1
Armour         | 4 |  4.1
Shields        | 4 |  4.1
Axes           | 3 |  3.1

Action                     || total
---------------------------++-------
  Melee: War axe           ||    60
         Headbutt          ||     6
 Armour: Scale mail        ||    26
  Dodge: Dodged            ||    25
  Block: Buckler           ||    14
